 Dungeon Crawl Stone Soup version 0.20-a0-351-gc9b4002 (webtiles) character file.

124 stigmas the Chiller (level 5, -4/36 HPs)
             Began as a Human Ice Elementalist on Dec 25, 2016.
             Succumbed to kobold's curare-tipped needle
             ... on level 3 of the Dungeon.
             The game lasted 00:07:01 (3588 turns).

stigmas the Chiller (Human Ice Elementalist)        Turns: 3588, Time: 00:07:01

Health: -4/36      AC:  2    Str:  9    XL:     5   Next: 30%
Magic:  8/9        EV: 13    Int: 15    God:
Gold:   83         SH:  0    Dex: 14    Spells: 5/9 levels left

rFire  + . .     SeeInvis .       - Unarmed
rCold  + . .     Gourm    .     a - +0 robe
rNeg   . . .     Faith    .     (no shield)
rPois  +         Spirit   .     (no helmet)
rElec  +         Reflect  .     (no cloak)
rCorr  +         Harm     .     (no gloves)
MR     .....                    (no boots)
Stlth  ++........               (no amulet)
                                (no ring)
                                (no ring)

@: lethally poisoned (-4 -> -43), resistant, slowed, very slow
A: no striking features
a: no special abilities


You were on level 3 of the Dungeon.
You were not hungry.

You visited 1 branch of the dungeon, and saw 3 of its levels.

You collected 83 gold pieces.

Inventory:

Armour
 a - a +0 robe (worn)
 p - a +0 ring mail
Scrolls
 e - 2 scrolls of amnesia {unknown}
 f - 2 scrolls of identify {unknown}
 g - a scroll of recharging {unknown}
 h - a scroll of remove curse {unknown}
 k - a scroll of random uselessness {unknown}
 l - a scroll of magic mapping {unknown}
 n - 2 scrolls of blinking {unknown}
 r - a scroll of teleportation {unknown}
Potions
 d - 2 potions of heal wounds {unknown}
 o - a potion of haste {unknown}
 q - a potion of lignification {unknown}
Books
 b - a book of Frost

   Spells                             Type                      Level
   a - Freeze                         Ice                          1
   b - Throw Frost                    Conjuration/Ice              2
   c - Ozocubu's Armour               Charms/Ice                   3
   d - Throw Icicle                   Conjuration/Ice              4
   e - Summon Ice Beast               Ice/Summoning                4
Comestibles
 c - a bread ration
 i - 2 meat rations
 m - a beef jerky
 s - a slice of pizza


   Skills:
 * Level 0.8 Fighting
 + Level 2.4 Dodging
 - Level 2.0 Stealth
 * Level 2.0 Unarmed Combat
 * Level 2.9 Spellcasting
   Level 1.0 Conjurations
 * Level 0.4 Charms
 * Level 3.9 Ice Magic


You had 5 spell levels left.
You knew the following spells:

 Your Spells              Type           Power        Failure   Level  Hunger
a - Freeze                Ice            ##..         4%          1    #......
b - Ozocubu's Armour      Chrm/Ice       #.......     30%         3    ###....


Dungeon Overview and Level Annotations

Branches:
Dungeon (3/15)

Altars:


Message History

You feel very sick.
The giant cockroach barely misses you. x2
Casting: Freeze
Confirm with . or Enter, or press ? or * to list all spells.
Aiming: Freeze
Press: ? - help, Shift-Dir - straight line, f - giant cockroach
Aim: a giant cockroach (clinging)
You freeze the giant cockroach.
You kill the giant cockroach!
* * * LOW HITPOINT WARNING * * *
You feel very sick.
The kobold shoots a curare-tipped needle.
The curare-tipped needle hits you.
You are more poisoned.
You have difficulty breathing.
* * * LOW HITPOINT WARNING * * *
You feel as though you will be slow longer.
It was a potion of resistance.
You feel protected.
You die...

.)........ #.........
#......... #......>..
#.K....... #.........
#.(.....# ##(....##
#@.#.### ....... ...#
###....# #...... ....#
#.....## #...... ....
##.##..# #...... ...
#...#..# #...... ###.#
#...#..# #......
###...## #......#
#...... .......#
#....#.###########...
.......##
#...#.......>..........


You could see a kobold.

Vanquished Creatures
  Ijyb (D:2)
  2 adders (D:2)
  4 worms (D:2)
  2 dart slugs
  3 leopard geckos (D:1)
  An orc (D:2)
  6 bats
  5 giant cockroaches
  5 goblins
  6 hobgoblins
  4 jackals (D:2)
  5 kobolds
  A quokka (D:2)
  A ball python (D:1)
  5 frilled lizards
  7 rats
58 creatures vanquished.

Notes
Turn   | Place    | Note
-------+----------+-------------------------------------------
     0 | D:1      | stigmas the Human Ice Elementalist began the quest for the Orb.
     0 | D:1      | Reached XP level 1. HP: 13/13 MP: 3/3
   466 | D:1      | Reached XP level 2. HP: 18/19 MP: 0/5
   974 | D:1      | Reached XP level 3. HP: 24/24 MP: 6/6
  1305 | D:1      | Reached skill level 1 in Unarmed Combat
  2020 | D:2      | Reached XP level 4. HP: 22/31 MP: 1/7
  2256 | D:2      | Learned a level 3 spell: Ozocubu's Armour
  2574 | D:2      | Noticed Ijyb
  2627 | D:2      | Killed Ijyb
  2824 | D:2      | Reached XP level 5. HP: 12/36 MP: 0/9
  3587 | D:3      | HP: 1/36 [asphyx]
  3588 | D:3      | Succumbed to kobold's curare-tipped needle

Vault maps used:
D:1:      minmay_arrival_split_and_join
D:2:      eino_tiny_chamber, uniq_iyjb
D:3:      serial_bayou_lagoon_a

Skill      XL: |  1  2  3  4  5 |
---------------+----------------+-----
Unarmed Combat | 1 2 |  2.0
Fighting       | |  0.8
Dodging        | |  2.4
Stealth        | |  2.0
Spellcasting   | |  2.9
Conjurations   | |  1.0
Charms         | |  0.4
Ice Magic      | |  3.9

Action                   |  1- 3 |  4- 6 || total
-------------------------+-------+-------++-------
Melee: Unarmed           |    74 |   137 ||   211
       Punch             |       |     1 ||     1
 Cast: Freeze            |    38 |    26 ||    64
       Ozocubu's Armour  |       |     3 ||     3
  Use: Potion            |       |     1 ||     1
 Stab: Sleeping          |     1 |     2 ||     3
  Eat: Chunk             |     1 |     4 ||     5
       Bread ration      |     1 |       ||     1
Armor: Robe              |    21 |    35 ||    56
Dodge: Dodged            |    66 |   113 ||   179
